 Dungeon Crawl Stone Soup version 0.27-a0-262-gc50aac273e (webtiles) character file.

Game seed: 17174680733801595114

99 britomartis the Insei (level 4, -2/23 HPs)
             Began as a Vine Stalker Transmuter on Feb 4, 2021.
             Slain by a goblin
             ... wielding a +0 dagger
             ... led by Robin
              (4 damage)
             ... on level 3 of the Dungeon.
             The game lasted 00:04:05 (525 turns).

britomartis the Insei (Vine Stalker Transmuter)      Turns: 525, Time: 00:04:05

Health: -2/23      AC:  2    Str: 13    XL:     4   Next: 72%
Magic:  0/8        EV: 12    Int: 14    God:
Gold:   82         SH:  0    Dex: 14    Spells: 3/7 levels left

rFire    . . .     SeeInvis .     - Unarmed
rCold    . . .     Faith    .   (no shield)
rNeg     . . .     Spirit   +   a - +0 robe
rPois    .         Reflect  .   (helmet currently unavailable)
rElec    .         Harm     .   (no cloak)
rCorr    .         Rampage  .   (no gloves)
Will     .....                  (boots currently unavailable)
Stlth    +.........             c - amulet of magic regeneration
HPRegen  0.47/turn              (no ring)
MPRegen  0.36/turn              (no ring)

@: appendages (expiring)
A: fangs 2, horns 2, talons 2, regeneration 1, magic shield, antimagic bite, no
potion heal 3
a: End Transformation


You were on level 3 of the Dungeon.
You had grown temporary horns.
You had grown temporary talons.
You visited 1 branch of the dungeon, and saw 4 of its levels.

You collected 82 gold pieces.

Inventory:

Missiles
 b - 8 boomerangs
Armour
 a - a +0 robe (worn)
Jewellery
 c - an amulet of magic regeneration (around neck)
Scrolls
 d - a scroll of amnesia {unknown}
 g - a scroll of teleportation {unknown}
 h - a scroll of remove curse {unknown}
Potions
 e - a potion of mutation {unknown}
 f - a potion of berserk rage {unknown}
 i - a potion of invisibility {unknown}


   Skills:
 + Level 2.2 Fighting
 - Level 1.5 Dodging
 * Level 4.6 Unarmed Combat
 + Level 2.2 Spellcasting
 + Level 2.1 Transmutations
 + Level 0.0 Poison Magic


You had 3 spell levels left.
You knew the following spells:

 Your Spells              Type           Power        Failure   Level
a - Beastly Appendage     Tmut           14%          10%         1
b - Spider Form           Tmut/Pois      2%           41%         3

Your spell library contained the following spells:

 Spells                   Type           Power        Failure   Level
 Wereblood                Tmut           7%           14%         2
 Confusing Touch          Hex            1%           56%         3
 Gell's Gravitas          Tloc           0%           56%         3
 Ice Form                 Ice/Tmut       4%           83%         4
 Petrify                  Tmut/Erth      4%           83%         4
 Blade Hands              Tmut           3%           95%         5
 Yara's Violent Unravell  Hex/Tmut       2%           99%         5
 Metabolic Englaciation   Hex/Ice        0%           100%        5


Dungeon Overview and Level Annotations

Branches:
Dungeon (4/15)
 Temple: D:4-7

Altars:

Annotations:
D:3 Robin


Innate Abilities, Weirdness & Mutations

You have extremely sharp teeth.
Your natural rate of healing is unusually fast.
When hurt, damage is shared between your health and your magic reserves.
Your bite disrupts and absorbs the magic of your enemies.
Potions cannot restore your health.
You have a pair of horns on your head.
You have razor-sharp toenails.


Message History

The spectral weapon appears!
Things that are here:
a +0 club; a goblin corpse
Okay, then.
Okay, then.
There is a fountain of clear blue water here.
You closely miss the goblin. Your bite misses the goblin.
The goblin hits you with a +0 club.
* * * LOW HITPOINT WARNING * * *
Casting: Beastly Appendage (safe; 10% risk of failure)
You grow a pair of large bovine horns.
Your feet morph into talons.
The goblin closely misses you.
You hit the goblin. The goblin hits you with a +0 club.
* * * LOW HITPOINT WARNING * * *
You punch the goblin!
You kill the goblin!
Your transformation is almost over.
You hit the goblin but do no damage. You bite the goblin, but do no damage.
The goblin hits you with a +0 dagger.
You die...

#.. .... ##..#
#.....[.... ....
#.......... .#.
###..# #..........
... #.....
#......... ...
##..###$......# ...
#..gg@#.......## ...
#8.)8##........# ...
##.gg)g.....>..+ ...
#####g.(......# #..
#.........# #..
#...).....+. +..
#.........#.. #..
#............####
#######+##..........


You could see 2 hobgoblins and 2 goblins.

Vanquished Creatures
  Terence (D:3)
  Natasha (D:3)
  2 adders (D:3)
  A worm (D:4)
  A dart slug (D:4)
  An orc (D:3)
  A giant cockroach (D:2)
  5 hobgoblins
  2 bats (D:3)
  4 frilled lizards
  7 goblins (D:3)
  2 kobolds
  2 rats (D:3)
30 creatures vanquished.

Notes
Turn   | Place    | Note
-------+----------+-------------------------------------------
     0 | D:1      | britomartis the Vine Stalker Transmuter began the quest for
                  | the Orb.
     0 | D:1      | Reached XP level 1. HP: 9/9 MP: 4/4
    30 | D:1      | Reached skill level 1 in Fighting
   130 | D:2      | You fall into a shaft and drop 1 floor!
   153 | D:3      | Noticed Terence
   172 | D:3      | Reached XP level 2. HP: 13/14 MP: 6/6
   188 | D:3      | Killed Terence
   189 | D:3      | Reached XP level 3. HP: 17/18 MP: 7/7
   205 | D:3      | Reached skill level 4 in Unarmed Combat
   210 | D:3      | Noticed Natasha
   260 | D:3      | Killed Natasha
   261 | D:3      | Gained mutation: Your natural rate of healing is unusually
                  | fast. [Vine Stalker growth]
   261 | D:3      | Reached XP level 4. HP: 23/23 MP: 8/8
   449 | D:2      | Learned a level 3 spell: Spider Form
   496 | D:3      | Noticed Robin
   523 | D:3      | HP: 1/23 [goblin/+0 club[Robin] (2)]
   525 | D:3      | Slain by a goblin

Illustrated notes

Levels and vault maps discovered:
D:1:      tarquinn_simple_flora_water_f, layout_basic, serial_aquarium,
          aquarium_bridge_long_separate [aquarium_subvault_window,
          aquarium_subvault_bridge, aquarium_subvault_bridge,
          aquarium_subvault_bridge, aquarium_subvault_window,
          aquarium_subvault_window], aquarium_window_2, aquarium_window_3,
          aquarium_window_1, aquarium_view_2d, aquarium_view_2c,
          amcnicky_mini_rare_corridor_liquid, serial_park_tiny_1
D:2:      layout_basic
D:3:      layout_basic, minitemple, uniq_robin, uniq_natasha, uniq_terence
D:4:      layout_rooms, general_overflow_altar

Skill      XL: |  1  2  3 |
---------------+----------+-----
Fighting       | 1 2 |  2.2
Unarmed Combat | 4 |  4.6
Dodging        | |  1.5
Spellcasting   | |  2.2
Transmutations | |  2.1

Action                   |  1- 3 |  4- 6 || total
-------------------------+-------+-------++-------
Melee: Unarmed           |    55 |    40 ||    95
       Kick              |    11 |     6 ||    17
       Bite              |    11 |     9 ||    20
       Headbutt          |     4 |     4 ||     8
       Punch             |     1 |       ||     1
 Cast: Beastly Appendage |     8 |     7 ||    15
  Use: Potion            |     1 |       ||     1
Armor: Robe              |    10 |     2 ||    12
Dodge: Dodged            |    32 |    30 ||    62

Table legend: (Time is in decaauts)
 A = Elapsed time spent in this place.
 B = Non-inter-level travel time spent in this place.
 C = Inter-level travel time spent in this place.
 D = Time resting spent in this place.
 E = Time spent auto-exploring this place.
 F = Levels seen in this place.
 G = Mean time per level.
                   A        B        C        D        E       F      G
               +--------+--------+--------+--------+--------+-----+--------+
         Total |    521 |    486 |     35 |      0 |      0 |   4 |  130.2 |
       Dungeon |    521 |    486 |     35 |      0 |      0 |   4 |  130.2 |
               +--------+--------+--------+--------+--------+-----+--------+

Top non-repeatable levels by time:
     D:3: 293 daAuts
     D:2: 145 daAuts
     D:4: 42 daAuts
     D:1: 40 daAuts
